Map: Base du roi Sejong EC

Players

RedBaron

  • Race: Zerg Zerg
  • League: Platinum

IA (très facile) - Winner!

  • Race: Protoss Protoss

VOD

Have the link to the VOD?

Description

Time

  • Played on: Oct. 10, 2016, 2:11 a.m.
  • Length: 6:48
Show
View Real Time Build Order
Export as new Build Order

RedBaron Zerg 

Build Orders: Hatch First 

Get SALT Encoding   

  12  0:01  Drone  
  13  0:12  Overlord  
  13  0:18  Drone  
  14  0:31  Drone  
  14  0:32  Drone  
  14  0:35  Drone  
  17  0:54  Hatchery  
  16  0:57  Drone  
  16  1:00  Drone  
  18  1:05  Extractor  
  17  1:16  Spawning Pool  
  16  1:20  Drone  
  17  1:27  Drone  
  17  1:28  Drone  
  19  1:40  Overlord  
  19  1:52  Drone  
  20  2:03  Zergling x2  
  20  2:04  Queen  
  20  2:06  Queen  
  25  2:09  Zergling x2  
  25  2:11  Metabolic Boost  
  26  2:18  Drone  
  26  2:21  Drone  
  28  2:26  Drone  
  29  2:32  Overlord  
  29  2:38  Drone  
  29  2:43  Lair  
  30  2:48  Queen  
  32  2:55  Drone  
  32  2:57  Drone  
  34  3:02  Drone  
  35  3:08  Drone  
  35  3:10  Drone  
  35  3:11  Drone  
  35  3:12  Drone  
  37  3:13  Drone  
  37  3:14  Drone  
  37  3:18  Overlord  
  39  3:29  Drone x2  
  39  3:32  Drone  
  39  3:33  Drone x2  
  44  3:40  Drone  
  45  3:43  Extractor  
  45  3:47  Extractor  
  45  3:48  Extractor  
  42  3:51  Drone x2  
  42  3:55  Drone x3  
  47  4:01  Spire  
  47  4:02  Drone  
  47  4:05  Drone x2  
  49  4:17  Overlord x2  
  49  4:20  Drone  
  50  4:26  Overlord x2  
  50  4:32  Drone x2, Evolution Chamber  
  51  4:43  Zergling x2  
  51  4:44  Zergling x10  
  57  5:04  Zergling x12  
  57  5:05  Hatchery  
  62  5:14  Zergling x4  
  64  5:23  Mutalisk  
  64  5:24  Mutalisk x3  
  72  5:30  Mutalisk  
  72  5:31  Mutalisk x2  
  72  5:32  Mutalisk  
  80  5:42  Overlord x2  
  80  5:51  Zergling x2  
  80  5:52  Zergling x6  
  84  5:57  Overlord  
  84  5:58  Overlord  
  84  6:04  Zergling x2  
  84  6:05  Zergling x6  
  88  6:16  Zergling x4  
  99  6:45  Baneling Nest  
Show
View Real Time Build Order
Export as new Build Order

IA (très facile) Protoss - Winner!

Build Orders:  

Get SALT Encoding   

  12  0:01  Probe (Chrono Boost)  
  13  0:11  Probe (Chrono Boost)  
  14  0:19  Pylon  
  14  0:36  Assimilator  
  14  0:42  Gateway  
  14  0:46  Pylon  
  14  1:13  Assimilator  
  14  1:27  Zealot  
  14  1:28  Probe (Chrono Boost)  
  17  1:34  Cybernetics Core  
  17  1:39  Probe (Chrono Boost)  
  18  1:50  Probe (Chrono Boost)  
  19  1:59  Warp Gate  
  19  2:01  Probe (Chrono Boost)  
  20  2:12  Probe (Chrono Boost)  
  22  2:24  Probe (Chrono Boost)  
  22  2:43  Stalker  
  24  5:23  Probe (Chrono Boost)  
  24  6:21  Probe (Chrono Boost)  
  24  6:26  Stalker  
  24  6:29  Pylon  
  26  6:36  Probe (Chrono Boost)  
Tags
 
Add a new tag
Caveats
  • Supply blocks, unpowered buildings, or Contaminate may cause inaccurate times.
  • Supply counts are checked every 10 seconds.